 Dungeon Crawl Stone Soup version 0.29-a0-878-g7b45a56547 (webtiles) character file.

Game seed: 10183089901286271416

147 27snakeeyes612 the Grave Robber (level 5, -5/35 HPs)
             Began as a Mummy Necromancer on July 20, 2022.
             Slain by Eustachio
             ... wielding a +4 rapier of speed
              (11 damage)
             ... on level 4 of the Dungeon.
             The game lasted 00:06:57 (3837 turns).

27snakeeyes612 the Grave Robber (Mummy Necromancer) Turns: 3837, Time: 00:06:57

Health: -5/35      AC:  3    Str: 17    XL:     5   Next: 8%
Magic:  3/11       EV: 12    Int: 16    God:
Gold:   114        SH:  0    Dex: 13    Spells: 8/12 levels left

rFire   x . .      SeeInvis .   b - +1 war axe (freeze)
rCold   + . .      Faith    .   (no shield)
rNeg    + + +      Spirit   .   a - +0 robe
rPois   ∞          Reflect  .   (no helmet)
rElec   .          Harm     .   (no cloak)
rCorr   .          Rampage  .   d - +0 pair of gloves
Will    .....                   (no boots)
Stlth   ++........              (no amulet)
HPRegen 0.11/turn               e - +4 ring of slaying
MPRegen 0.12/turn               i - +6 ring of strength

@: no status effects
A: cold resistance 1, negative energy resistance 3, torment resistance 2, heat
vulnerability 1, in touch with death 1, no potions
a: no special abilities


You were on level 4 of the Dungeon.
You visited 1 branch of the dungeon, and saw 4 of its levels.

You collected 114 gold pieces.

Inventory:

Hand Weapons
 b - a +1 war axe of freezing (weapon)
 c - a +0 dagger
Armour
 a - a +0 robe (worn)
 d - a +0 pair of gloves (worn)
Magical Staves
 g - a staff of cold
Jewellery
 e - a +4 ring of slaying (left hand)
 i - a +6 ring of strength (right hand)
Wands
 k - a wand of flame (19)
Scrolls
 f - a scroll of immolation
 h - a scroll of blinking


   Skills:
 + Level 2.5 Dodging
 + Level 2.7 Stealth
 + Level 4.0 Spellcasting
 + Level 4.7 Necromancy


You had 8 spell levels left.
You knew the following spells:

 Your Spells              Type           Power      Damage    Failure   Level
a - Necrotise             Necr           100%       1d9       2%          1
b - Vampiric Draining     Necr           27%        2d7       8%          3

Your spell library contained the following spells:

 Spells                   Type           Power      Damage    Failure   Level
 Apportation              Tloc           6%         N/A       17%         1
 Summon Small Mammal      Summ           12%        N/A       17%         1
 Animate Dead             Necr           27%        N/A       24%         4
 Scorch                   Fire           6%         2d5       26%         2
 Agony                    Necr           27%        N/A       56%         5
 Flame Wave               Conj/Fire      3%         2d4       86%         4
 Summon Cactus Giant      Summ           1%         N/A       100%        6


Dungeon Overview and Level Annotations

Branches:
Dungeon (4/15)
 Temple: D:4-7

Altars:
Cheibriados
Okawaru

Annotations:
D:2 Sigmund
D:4 Eustachio


Innate Abilities, Weirdness & Mutations

You are immune to poison.
Your flesh is cold resistant. (rC+)
You are immune to negative energy. (rN+++)
You are immune to unholy pain and torment.
You are vulnerable to heat. (rF-)
You are in touch with the powers of death.
You do not drink.


Message History

Eustachio blinks!
Eustachio attacks as you move away!
Eustachio hits you with a +4 rapier of speed.
The kobold shouts!
Casting: Necrotise (safe; 2% risk of failure)
Confirm with . or Enter, or press ? or * to list all spells.
You don't know that spell.
Casting: Necrotise (safe; 2% risk of failure)
Confirm with . or Enter, or press ? or * to list all spells.
Okay, then.
Casting: Necrotise (safe; 2% risk of failure)
Confirm with . or Enter, or press ? or * to list all spells.
Aiming: Vampiric Draining (dangerous; 8% risk of failure)
Press: ? - help, Shift-Dir - straight line, f - Eustachio
Aim: Eustachio, wielding a +4 rapier of speed and wearing a +0 leather armour You feel a surge of power!
You draw life force from Eustachio.
You feel life coursing into your body.
Eustachio casts a spell.
Eustachio blinks!
Casting: Vampiric Draining (dangerous; 8% risk of failure)
Confirm with . or Enter, or press ? or * to list all spells.
Aiming: Vampiric Draining (dangerous; 8% risk of failure)
Press: ? - help, Shift-Dir - straight line, f/p - Eustachio
Aim: Eustachio, wielding a +4 rapier of speed and wearing a +0 leather armour (lightly wounded)
You feel a surge of power!
You draw life force from Eustachio!
You feel life coursing into your body.
Eustachio hits you with a +4 rapier of speed!
You feel a surge of power!
Eustachio writhes in agony.
Eustachio hits you with a +4 rapier of speed!
The white imp gestures at you. The puff of frost hits you. You resist.
Okay, then.
Aiming: Necrotise (safe; 2% risk of failure)
Press: ? - help, Q - select action, (/) - cycle Shift-Dir - straight line, f/p - Eustachio
Aim: Eustachio, wielding a +4 rapier of speed and wearing a +0 leather armour (moderately wounded, chance to affect: 83%)
You feel a surge of power!
Eustachio writhes in agony!
Eustachio hits you with a +4 rapier of speed!
* * * LOW HITPOINT WARNING * * *
Eustachio hits you with a +4 rapier of speed!
You die...

#...#
####...#
......#
.....#
....# .K.
#@# ## #@#
.# ##8
##8## #5#
.##8..
8...8##.# #
.##...
.....##.#
##.#_...
.....>#5#
...##..
.....##.#
#..##8
8...8##5#
...# ##8##
#.# .#.###
#########.#


You could see Eustachio, a white imp (summoned), 2 shadow imps and a kobold.

Vanquished Creatures
  A necrophage (D:4)
  An iguana (D:4)
  An adder (D:3)
  3 worms
  A dart slug (D:1)
  4 endoplasms
  A giant cockroach (D:1)
  2 goblins
  8 hobgoblins
  5 kobolds
  3 quokkas
  5 ball pythons
  5 bats
  2 frilled lizards
  A rat (D:1)
43 creatures vanquished.

Vanquished Creatures (collateral kills)
  A worm (D:2)
  2 endoplasms
3 creatures vanquished.

Grand Total: 46 creatures vanquished

Notes
Turn   | Place    | Note
-------+----------+-------------------------------------------
     0 | D:1      | 27snakeeyes612 the Mummy Necromancer began the quest for
                  | the Orb.
     0 | D:1      | Reached XP level 1. HP: 13/13 MP: 4/4
   113 | D:1      | Reached XP level 2. HP: 3/19 MP: 0/5
  1500 | D:2      | Gained mutation: You are in touch with the powers of death.
                  | [Mummy growth]
  1500 | D:2      | Reached XP level 3. HP: 24/24 MP: 1/7
  1901 | D:2      | Noticed Sigmund
  3072 | D:4      | Found an iron altar of Okawaru.
  3086 | D:4      | Noticed a necrophage
  3351 | D:3      | Learned a level 3 spell: Vampiric Draining
  3378 | D:4      | Reached XP level 4. HP: 30/30 MP: 5/9
  3498 | D:4      | Found a snail-covered altar of Cheibriados.
  3513 | D:4      | Killed a necrophage
  3514 | D:4      | Reached XP level 5. HP: 28/35 MP: 9/11
  3534 | D:4      | Noticed Eustachio
  3837 | D:4      | Slain by Eustachio

Illustrated notes

Levels and vault maps discovered:
D:1:      lightli_arrival_statue_moat, layout_basic, serial_glass,
          glass_columns_a, glass_columns_a, glass_columns_b, glass_columns_a,
          glass_columns_a, glass_columns_c, minmay_tromino_v4_b
D:2:      layout_basic, hellmonk_ecumenical_altar_watching_god, uniq_sigmund
D:3:      layout_loops_ring, serial_rivers, chequers_serial_rivers_micro_d,
          chequers_serial_rivers_small_a, chequers_serial_rivers_marsh,
          chequers_serial_rivers_room_b, minmay_misc_feat_enclosed,
          grunt_ministairs_5
D:4:      layout_rooms, nicolae_overflow_hidden_temple, cheibriados_altar_1,
          lightli_sewer_entry_pipes, kennysheep_boxes, uniq_eustachio

Skill      XL: |  1  2  3  4 |
---------------+-------------+-----
Spellcasting   | 3 4 |  4.0
Stealth        | 2 |  2.7
Dodging        | 2 |  2.5
Necromancy     | |  4.7

Action                   |  1- 3 |  4- 6 || total
-------------------------+-------+-------++-------
Melee: War axe           |       |     5 ||     5
 Cast: Necrotise         |   109 |     8 ||   117
       Vampiric Draining |       |     2 ||     2
  Use: Scroll            |     6 |       ||     6
Armor: Robe              |    14 |     1 ||    15
Dodge: Dodged            |    38 |     6 ||    44

Table legend: (Time is in decaauts)
 A = Elapsed time spent in this place.
 B = Non-inter-level travel time spent in this place.
 C = Inter-level travel time spent in this place.
 D = Time resting spent in this place.
 E = Time spent auto-exploring this place.
 F = Levels seen in this place.
 G = Mean time per level.
                   A        B        C        D        E       F      G
               +--------+--------+--------+--------+--------+-----+--------+
         Total |   3841 |   3685 |    156 |    808 |   2302 |   4 |  960.2 |
       Dungeon |   3841 |   3685 |    156 |    808 |   2302 |   4 |  960.2 |
               +--------+--------+--------+--------+--------+-----+--------+

Top non-repeatable levels by time:
     D:1: 1483 daAuts
     D:3: 1412 daAuts
     D:2: 627 daAuts
     D:4: 318 daAuts
